[Event "ICC tourney 2552 (3 2)"]
[Site "Internet Chess Club"]
[Date "2021.05.07"]
[Round "5"]
[White "CUI, CHRIS:K01-30048697"]
[Black "DEEPAK GOWDA, DHRUV:K01-30155284"]
[Result "0-1"]
[ICCResult "White checkmated"]
[WhiteElo "1400"]
[BlackElo "1400"]
[Opening "Three knights: Winawer defense (Gothic defense)"]
[ECO "C46"]
[NIC "KP.06"]
[Time "19:45:42"]
[PlyCount "106"]
[TimeControl "180+2"]

1. e4 e5 2. Nf3 Nc6 3. Nc3 f5 4. exf5 d5 5. d3 Bb4 6. Bg5 Nf6 7. Bxf6 Qxf6
8. Be2 d4 9. Qd2 dxc3 10. bxc3 Ba5 11. O-O e4 12. dxe4 Bxc3 13. Qg5 Bxa1
14. Qxf6 Bxf6 15. Bc4 g6 16. fxg6 hxg6 17. Re1 Ne5 18. Nxe5 Bxe5 19. h3 Bd7
20. Rd1 b5 21. Bd5 c6 22. Bb3 Ke7 23. Rd2 Bf4 24. Re2 Rh7 25. g3 Be5 26. h4
Rah8 27. f4 Bg4 28. Re1 Bd4+ 29. Kg2 c5 30. a3 a5 31. Ba2 b4 32. axb4 axb4
33. e5 Bc3 34. Re4 Bd7 35. Rc4 Bd4 36. c3 bxc3 37. Rxc3 Bxc3 38. Kf3 Ra8
39. Bd5 Ra3 40. Ke4 Ra6 41. Kd3 Bc6 42. Bxc6 Rxc6 43. Kxc3 c4 44. g4 Rh8
45. f5 gxf5 46. gxf5 Rxh4 47. f6+ Kf7 48. e6+ Kxe6 49. f7 Kxf7 50. Kc2 Rh3
51. Kc1 Rg6 52. Kd1 Rg2 53. Ke1 Rh1# { White checkmated } 0-1

[Event "ICC tourney 2552 (3 2)"]
[Site "Internet Chess Club"]
[Date "2021.05.07"]
[Round "5"]
[White "RODIC, ELLIOT:K05-16510635"]
[Black "VENKATASAI TIRUMALA, ADVAY:K06-15821575"]
[Result "1-0"]
[ICCResult "Black forfeits on time"]
[WhiteElo "1400"]
[BlackElo "1400"]
[Opening "Giuoco Pianissimo"]
[ECO "C50"]
[NIC "IG.02"]
[Time "19:46:33"]
[PlyCount "81"]
[TimeControl "180+2"]

1. e4 e5 2. Nf3 Nc6 3. Bc4 Bc5 4. d3 h6 5. Nc3 Nf6 6. Be3 Bb6 7. O-O O-O 8.
Bb5 d6 9. Bxb6 axb6 10. Nd2 Nd4 11. Bc4 Be6 12. Bxe6 Nxe6 13. f3 d5 14. Re1
d4 15. Nd5 Nxd5 16. exd5 Qxd5 17. c4 dxc3 18. bxc3 Qxd3 19. Rxe5 Qxc3 20.
Re1 Rfd8 21. Re2 Nf4 22. Rf2 Rd6 23. Rc1 Qe3 24. Qe1 Qxe1+ 25. Rxe1 Nd3 26.
Ne4 Re6 27. Rfe2 Nxe1 28. Rxe1 Rxa2 29. Rc1 f5 30. Ng3 c6 31. Nxf5 Ree2 32.
Nh4 g5 33. Nf5 Rxg2+ 34. Kf1 Rxh2 35. Re1 Raf2+ 36. Kg1 Rxf3 37. Ne7+ Kf7
38. Nc8 Rb2 39. Nd6+ Kg6 40. Nxb7 b5 41. Nc5 { Black forfeits on time } 1-0

[Event "ICC tourney 2552 (3 2)"]
[Site "Internet Chess Club"]
[Date "2021.05.07"]
[Round "5"]
[White "LIU, YUHAN:K01-30045742"]
[Black "KUO, DECLAN:K05-16624125"]
[Result "0-1"]
[ICCResult "White forfeits on time"]
[WhiteElo "1400"]
[BlackElo "1400"]
[Opening "Scotch opening"]
[ECO "C44"]
[NIC "KP.10"]
[Time "19:47:35"]
[PlyCount "50"]
[TimeControl "180+2"]

1. e4 e5 2. Nf3 Nc6 3. d4 d6 4. Nc3 Nf6 5. Bg5 Be7 6. Bb5 O-O 7. O-O Bd7 8.
Qe2 exd4 9. Nd5 Nxd5 10. Bxe7 Ndxe7 11. Rad1 a6 12. Bc4 b5 13. Bb3 Qc8 14.
Bd5 Nxd5 15. exd5 Re8 16. Qd2 Ne7 17. Rfe1 Nxd5 18. Qxd4 Nf6 19. Qc3 Rxe1+
20. Rxe1 Be6 21. Re2 Nd5 22. Rd2 Nxc3 23. bxc3 Qb7 24. Kf1 Bc4+ 25. Kg1
Bxa2 { White forfeits on time } 0-1

[Event "ICC tourney 2552 (3 2)"]
[Site "Internet Chess Club"]
[Date "2021.05.07"]
[Round "5"]
[White "GILL, NEEV:K05-30079117"]
[Black "KEDARESH DESHPANDE, AARYAV:K01-30164037"]
[Result "0-1"]
[ICCResult "White forfeits on time"]
[WhiteElo "1400"]
[BlackElo "1400"]
[Opening "Giuoco Piano: four knights variation"]
[ECO "C46"]
[NIC "KP.06"]
[Time "19:46:06"]
[PlyCount "78"]
[TimeControl "180+2"]

1. e4 e5 2. Nf3 Nc6 3. Nc3 Bc5 4. Bc4 Nf6 5. Ng5 d5 6. exd5 Na5 7. Bd3 h6
8. Nf3 Bd6 9. O-O O-O 10. b3 c6 11. dxc6 Nxc6 12. Bb2 Be6 13. Nb5 e4 14.
Nxd6 Qxd6 15. Bxf6 gxf6 16. Bxe4 Rac8 17. Qe2 Qf4 18. Qd3 Rcd8 19. Bh7+ Kh8
20. Qe4 Qxe4 21. Bxe4 Kg8 22. Nh4 Rxd2 23. Rad1 Rxd1 24. Rxd1 Nb4 25. Bxb7
Nxa2 26. Bd5 Nc3 27. Bxe6 Nxd1 28. Bg4 Re8 29. g3 Re1+ 30. Kg2 Nc3 31. Nf5
Rc1 32. Nxh6+ Kg7 33. Nf5+ Kf8 34. Ne3 Ra1 35. Kh3 Ra6 36. Be2 f5 37. Bxa6
Na2 38. Nxf5 Nb4 39. Bc4 Nxc2 { White forfeits on time } 0-1

[Event "ICC tourney 2552 (3 2)"]
[Site "Internet Chess Club"]
[Date "2021.05.07"]
[Round "5"]
[White "KAIPA, ADITYA:K03-17069123"]
[Black "WANKHEDE, ADVAIT:K06-30026534"]
[Result "0-1"]
[ICCResult "White forfeits on time"]
[WhiteElo "1400"]
[BlackElo "1400"]
[Opening "Giuoco Pianissimo: Canal variation"]
[ECO "C50"]
[NIC "IG.02"]
[Time "19:46:33"]
[PlyCount "76"]
[TimeControl "180+2"]

1. e4 e5 2. Nf3 Nc6 3. Bc4 Bc5 4. Nc3 Nf6 5. d3 d6 6. Bg5 Bg4 7. h3 Bh5 8.
Nd5 O-O 9. c3 Kh8 10. Bxf6 gxf6 11. Qd2 Nb4 12. cxb4 Bb6 13. Qh6 Bg6 14.
Nh4 Rg8 15. Nxb6 axb6 16. Nf5 Bxf5 17. Bxf7 Rg7 18. exf5 Rxf7 19. g4 Qg8
20. a3 Qg7 21. Qxg7+ Rxg7 22. f3 Rf7 23. Ke2 Rff8 24. h4 Rg8 25. Rac1 Rg7
26. Rhg1 Rc8 27. g5 fxg5 28. hxg5 h6 29. f6 Rxg5 30. Rxg5 hxg5 31. Rg1 Rf8
32. Rxg5 Rxf6 33. Rh5+ Kg8 34. Rg5+ Kf7 35. Rh5 Kg6 36. Rh8 Kg7 37. Rb8 Rf8
38. Rxb7 Rf7 { White forfeits on time } 0-1

[Event "ICC tourney 2552 (3 2)"]
[Site "Internet Chess Club"]
[Date "2021.05.07"]
[Round "5"]
[White "MANIKANDAN, SIDDHARTH:K05-15223658"]
[Black "COLLIER, ZANE:K06-30119849"]
[Result "1-0"]
[ICCResult "Black resigns"]
[WhiteElo "1400"]
[BlackElo "1400"]
[Opening "Sicilian: Najdorf, Byrne (English) attack"]
[ECO "B90"]
[NIC "SI.14"]
[Time "19:46:49"]
[PlyCount "89"]
[TimeControl "180+2"]

1. e4 c5 2. Nf3 d6 3. d4 cxd4 4. Nxd4 Nf6 5. Nc3 a6 6. Be3 e5 7. Nb3 Be6 8.
Be2 Nbd7 9. O-O Be7 10. Nd5 O-O 11. Bc4 Nxe4 12. Nxe7+ Qxe7 13. Bd5 Bxd5
14. Qxd5 Nef6 15. Qxb7 Rfb8 16. Qf3 e4 17. Qe2 d5 18. Rad1 Qe5 19. Nd4 Rxb2
20. Nc6 Qd6 21. Nd4 Qe5 22. f4 Qc7 23. a3 Nc5 24. Nf5 Nb3 25. Nd4 Nxd4 26.
Bxd4 Nd7 27. Bxb2 Rb8 28. c3 Nc5 29. Rxd5 Nd3 30. Rd1 Nxb2 31. Qxb2 Rc8 32.
Rd7 Qa5 33. Qb7 Rf8 34. Qxe4 Qxc3 35. Qe3 Qf6 36. Qe5 Qb6+ 37. Qd4 Qa5 38.
Qb4 Qxb4 39. axb4 g6 40. Rd8 Kg7 41. Rxf8 Kxf8 42. Rd8+ Kg7 43. Ra8 f5 44.
Rxa6 Kh6 45. b5 { Black resigns } 1-0

[Event "ICC tourney 2552 (3 2)"]
[Site "Internet Chess Club"]
[Date "2021.05.07"]
[Round "5"]
[White "ALBERT, HELEN:K05-30150616"]
[Black "DECLAN RODRIGUES, CALIX:K03-17095397"]
[Result "1-0"]
[ICCResult "Black forfeits on time"]
[WhiteElo "1400"]
[BlackElo "1400"]
[Opening "Giuoco Piano: four knights variation"]
[ECO "C55"]
[NIC "IG.01"]
[Time "19:46:13"]
[PlyCount "81"]
[TimeControl "180+2"]

1. e4 e5 2. Nf3 Nc6 3. Bc4 Nf6 4. Nc3 Bc5 5. Ng5 O-O 6. O-O d6 7. d3 Bd7 8.
Be3 h6 9. Nf3 Re8 10. Qd2 Bg4 11. d4 exd4 12. Nxd4 Nxe4 13. Nxc6 Nxd2 14.
Nxd8 Nxf1 15. Kxf1 Rexd8 16. Re1 Bxe3 17. Rxe3 Re8 18. Rg3 Be6 19. Bxe6
Rxe6 20. Nd5 Rg6 21. Ne7+ Kf8 22. Nxg6+ fxg6 23. Rxg6 Re8 24. f4 Kf7 25.
Rg4 Rf8 26. g3 g6 27. h4 h5 28. Rg5 Kf6 29. g4 hxg4 30. Rxg4 Kf5 31. Rg5+
Kxf4 32. Rxg6 Kf5 33. Rg5+ Kf6 34. Kg2 Rh8 35. Kg3 c6 36. Kg4 b5 37. Rf5+
Kg7 38. h5 c5 39. Kg5 b4 40. Rf6 a5 41. h6+ { Black forfeits on time } 1-0

[Event "ICC tourney 2552 (3 2)"]
[Site "Internet Chess Club"]
[Date "2021.05.07"]
[Round "5"]
[White "SAI POTHURI, ABHIRAM:K06-15560780"]
[Black "DESAIKOV, MAX:K03-30147675"]
[Result "1-0"]
[ICCResult "Black checkmated"]
[WhiteElo "1400"]
[BlackElo "1400"]
[Opening "Scandinavian (center counter) defense"]
[ECO "B01"]
[NIC "VO.17"]
[Time "19:52:02"]
[PlyCount "75"]
[TimeControl "180+2"]

1. e4 d5 2. exd5 c6 3. dxc6 Nxc6 4. Nf3 Nf6 5. d4 e6 6. Nc3 a6 7. Bd3 g6 8.
O-O Nxd4 9. Nxd4 Bc5 10. Nb3 Ba7 11. Bh6 Qe7 12. Bg7 Rg8 13. Bxf6 Qxf6 14.
Ne4 Qxb2 15. Nd6+ Ke7 16. Nc4 Qf6 17. Qe2 b5 18. Nca5 g5 19. Be4 Rb8 20.
Nc6+ Ke8 21. Nxb8 h6 22. Bc6+ Kf8 23. Nd7+ Bxd7 24. Bxd7 g4 25. Rad1 g3 26.
hxg3 Rxg3 27. Qe4 Bb6 28. Nd4 Rg5 29. Bxe6 Kg7 30. Nf5+ Kg8 31. Rd6 Qg6 32.
Ne7+ Kh7 33. Nxg6 Rxg6 34. Bxf7 Kg7 35. Qxg6+ Kf8 36. Re6 Bxf2+ 37. Rxf2 a5
38. Qg8# { Black checkmated } 1-0

[Event "ICC tourney 2552 (3 2)"]
[Site "Internet Chess Club"]
[Date "2021.05.07"]
[Round "5"]
[White "ENMING LIN, BRYAN:K05-30020975"]
[Black "REEVE MENDES, AARON:K03-30164243"]
[Result "1/2-1/2"]
[ICCResult "Game drawn by repetition"]
[WhiteElo "1400"]
[BlackElo "1400"]
[Opening "QGD Slav defense"]
[ECO "D43"]
[NIC "SL.01"]
[Time "19:45:56"]
[PlyCount "170"]
[TimeControl "180+2"]

1. d4 d5 2. c4 c6 3. Nc3 Nf6 4. Bg5 e6 5. Nf3 Be7 6. Qd2 h6 7. Bf4 Nbd7 8.
e3 O-O 9. Bd3 b6 10. O-O Bb7 11. Ne5 c5 12. Rae1 Nxe5 13. Bxe5 Qd7 14. f4
a6 15. f5 Ne4 16. Nxe4 dxe4 17. Bc2 exf5 18. Qf2 g6 19. h4 Bd6 20. Bxd6
Qxd6 21. d5 b5 22. b3 Rad8 23. h5 Kg7 24. Qe2 b4 25. Rf4 Bc8 26. Ref1 Qe5
27. Bb1 g5 28. R4f2 f6 29. Qb2 Bd7 30. Qxe5 fxe5 31. g4 fxg4 32. Rxf8 Rxf8
33. Rxf8 Kxf8 34. Bxe4 Ke7 35. Bg6 a5 36. Kg2 a4 37. Kg3 axb3 38. axb3 Kf6
39. Bc2 Ke7 40. Bd1 Bf5 41. Kg2 Kd6 42. Kg3 Kc7 43. Kf2 Kb6 44. Kg3 Ka5 45.
Kf2 Kb6 46. Kg3 Kc7 47. Kf2 Kd6 48. Kg3 Ke7 49. Kf2 Kf6 50. Kg3 Ke7 51. Kf2
Kd6 52. Kg3 Ke7 53. Kf2 Kd6 54. Kg3 Ke7 55. Kf2 Kd7 56. Kg3 Kc7 57. Kf2 Kd6
58. Kg3 Ke7 59. Kf2 Bd7 60. Kg3 Bf5 61. Kf2 Kd6 62. Kg3 Kc7 63. Kf2 Kd6 64.
Kg3 Ke7 65. Kf2 Kf6 66. Kg3 Ke7 67. Kf2 Kd6 68. Kg3 Kd7 69. Bxg4 Bxg4 70.
Kxg4 Ke7 71. Kf5 e4 72. Kxe4 Kf6 73. Kf3 Ke5 74. Kg4 Kf6 75. e4 Ke5 76. Kf3
Kd6 77. Kg4 Ke5 78. Kf3 Kd6 79. Kf2 Ke5 80. Kg3 Kd6 81. Kg4 Ke5 82. Kf3 Kd6
83. Ke3 Ke5 84. Kf3 Kd6 85. Kg4 Ke5 { Game drawn by repetition } 1/2-1/2

[Event "ICC tourney 2552 (3 2)"]
[Site "Internet Chess Club"]
[Date "2021.05.07"]
[Round "5"]
[White "SRIRAM, SHRAVAN:K06-15894655"]
[Black "CONWAY, RANSOM:K03-30165293"]
[Result "1-0"]
[ICCResult "Black forfeits on time"]
[WhiteElo "1400"]
[BlackElo "1400"]
[Opening "QGD Slav defense"]
[ECO "D10"]
[NIC "SL.01"]
[Time "19:46:06"]
[PlyCount "99"]
[TimeControl "180+2"]

1. d4 d5 2. c4 c6 3. Nc3 Nf6 4. Bg5 g6 5. Bxf6 exf6 6. cxd5 cxd5 7. e4 dxe4
8. Nxe4 Bg7 9. Nf3 O-O 10. Bc4 f5 11. Neg5 h6 12. Nxf7 Rxf7 13. Qb3 Qe7+
14. Kd2 Nc6 15. Rhe1 Qc7 16. Re8+ Bf8 17. Bxf7+ Qxf7 18. Qxf7+ Kxf7 19. Re2
Bb4+ 20. Kc2 f4 21. a3 Bf5+ 22. Kb3 Ba5 23. Ne5+ Nxe5 24. Rxe5 Be6+ 25. d5
Bf5 26. Rae1 Bxe1 27. Rxe1 Rd8 28. Rd1 Be4 29. Kc4 b5+ 30. Kc5 Bxg2 31. d6
a6 32. Re1 Rd7 33. Rg1 Bh3 34. Re1 g5 35. Kd5 Bg2+ 36. Ke5 Bh3 37. Rc1 Kf8
38. Rc8+ Kf7 39. Rc3 Be6 40. Rc6 Bc4 41. Rxa6 b4 42. Rc6 Bb5 43. Rb6 Bc4
44. Rxb4 Be6 45. a4 Ba2 46. a5 Be6 47. a6 Ra7 48. Rb7+ Rxb7 49. axb7 h5 50.
b8=Q { Black forfeits on time } 1-0

[Event "ICC tourney 2552 (3 2)"]
[Site "Internet Chess Club"]
[Date "2021.05.07"]
[Round "5"]
[White "PUROHIT, VIHAAN:K05-16766058"]
[Black "BIRUDAVOLU, SATHVIK:K01-17230292"]
[Result "1-0"]
[ICCResult "Black checkmated"]
[WhiteElo "1400"]
[BlackElo "1400"]
[Opening "Ruy Lopez: Caro variation"]
[ECO "C70"]
[NIC "RL.09"]
[Time "19:46:13"]
[PlyCount "105"]
[TimeControl "180+2"]

1. e4 e5 2. Nf3 Nc6 3. Bb5 a6 4. Ba4 b5 5. Bb3 Nf6 6. O-O Bc5 7. c3 O-O 8.
d4 exd4 9. cxd4 Bb6 10. Nc3 d6 11. Bg5 h6 12. Bh4 g5 13. Bg3 g4 14. e5 gxf3
15. exf6 fxg2 16. Kxg2 Qxf6 17. Bd5 Bb7 18. Bxc6 Bxc6+ 19. d5 Bb7 20. Qg4+
Kh8 21. Ne4 Qg6 22. Qf3 h5 23. Qc3+ Kh7 24. Nf6+ Kh6 25. Qd2+ Kg7 26. Nd7
Rfd8 27. Nxb6 cxb6 28. Kh1 Qf5 29. Qc3+ Kf8 30. Qh8+ Ke7 31. Bh4+ Kd7 32.
Qd4 Qg4 33. Bxd8 Rxd8 34. Qxg4+ hxg4 35. Kg1 Bxd5 36. Rad1 Bb7 37. Rd2 g3
38. fxg3 Re8 39. Rfd1 Kc8 40. Rxd6 Re2 41. Rc1+ Kb8 42. Rd8+ Ka7 43. Rc7
Re1+ 44. Kf2 Re6 45. Rdd7 Kb8 46. Rxb7+ Kc8 47. Rbc7+ Kb8 48. Rxf7 Rd6 49.
Rce7 Rd8 50. Rd7 Rc8 51. Rb7+ Ka8 52. Ra7+ Kb8 53. Rfb7# { Black checkmated
} 1-0

[Event "ICC tourney 2552 (3 2)"]
[Site "Internet Chess Club"]
[Date "2021.05.07"]
[Round "5"]
[White "WEI, STANLEY:K05-17311215"]
[Black "MURPHY ZEDLEWSKI, JACK:K01-30079933"]
[Result "1-0"]
[ICCResult "Black checkmated"]
[WhiteElo "1400"]
[BlackElo "1400"]
[Opening "Petrov: Damiano variation"]
[ECO "C42"]
[NIC "RG.03"]
[Time "19:46:33"]
[PlyCount "91"]
[TimeControl "180+2"]

1. e4 e5 2. Nf3 Nf6 3. Nxe5 Nxe4 4. Qe2 Qe7 5. Qxe4 d6 6. d4 dxe5 7. dxe5
Qb4+ 8. Qxb4 Bxb4+ 9. c3 Bc5 10. Bc4 Nc6 11. Bf4 Bf5 12. Nd2 O-O-O 13. Nb3
Bb6 14. O-O f6 15. Nd4 fxe5 16. Bg5 Rd6 17. Nxf5 Rg6 18. Be7 Re8 19. Bb5
Nxe7 20. Bxe8 Nxf5 21. Bxg6 hxg6 22. Rfe1 Kd7 23. Rad1+ Ke6 24. g4 Nd6 25.
h3 g5 26. Kf1 c5 27. a3 c4 28. Kg2 a5 29. Kg3 a4 30. h4 Kf6 31. hxg5+ Ke6
32. f4 Bc7 33. Rxe5+ Kd7 34. Ree1 g6 35. Rh1 Kc6 36. Rh6 b5 37. Rxg6 Bb8
38. Rh6 Bc7 39. Kh4 Bb8 40. g6 Ne4 41. g7+ Kc7 42. g8=Q Nd6 43. Rhxd6 Ba7
44. Qd8+ Kb7 45. Qe7+ Kb8 46. Rd8# { Black checkmated } 1-0

[Event "ICC tourney 2552 (3 2)"]
[Site "Internet Chess Club"]
[Date "2021.05.07"]
[Round "5"]
[White "SINGEETHAM, VYASARAJ:K03-17011358"]
[Black "BHATT, DEV:K05-16675618"]
[Result "1-0"]
[ICCResult "Black checkmated"]
[WhiteElo "1400"]
[BlackElo "1520"]
[Opening "Ruy Lopez: open (Tarrasch) defense"]
[ECO "C80"]
[NIC "RL.27"]
[Time "19:46:08"]
[PlyCount "115"]
[TimeControl "180+2"]

1. e4 e5 2. Nf3 Nc6 3. Bb5 Nf6 4. O-O a6 5. Ba4 Nxe4 6. Re1 Nf6 7. Bxc6
dxc6 8. Nxe5 Be7 9. Nf3 O-O 10. c3 Bg4 11. h3 Bh5 12. d4 Bd6 13. Qd3 Bg6
14. Qd1 Qd7 15. Nh4 Bh5 16. Qd3 Rae8 17. Bd2 Rxe1+ 18. Bxe1 h6 19. Nd2 Qe6
20. Nc4 Be2 21. Qe3 Qxe3 22. Nxe3 c5 23. dxc5 Bxc5 24. Nc2 Bd3 25. Nb4 Re8
26. Nxd3 Bb6 27. c4 Ne4 28. Nf3 Rd8 29. Nf4 c6 30. Bc3 Bc7 31. Ne2 b5 32.
cxb5 cxb5 33. Nfd4 a5 34. Nc6 Rd6 35. Nxa5 Nc5 36. Bb4 Rd5 37. Rc1 Kh7 38.
Bxc5 Bxa5 39. b4 Bd8 40. Nf4 Re5 41. Nd3 Rd5 42. Nb2 Bf6 43. Nd1 Bg5 44.
Be3 Bf6 45. Nc3 Rd3 46. Ne4 Be5 47. Nc5 Bd6 48. Nxd3 Bxb4 49. Nxb4 g5 50.
Rc5 Kg6 51. Rxb5 f6 52. a4 Kh5 53. a5 Kh4 54. a6 h5 55. a7 g4 56. hxg4 Kxg4
57. a8=Q h4 58. Qf3# { Black checkmated } 1-0

[Event "ICC tourney 2552 (3 2)"]
[Site "Internet Chess Club"]
[Date "2021.05.07"]
[Round "5"]
[White "PRAMOD, PRANAVI:K03-16800145"]
[Black "YOU, ANDREW:K05-17094697"]
[Result "1-0"]
[ICCResult "Black checkmated"]
[WhiteElo "1400"]
[BlackElo "1400"]
[Opening "Queen's pawn, Mason variation"]
[ECO "D00"]
[NIC "QP.08"]
[Time "19:47:53"]
[PlyCount "61"]
[TimeControl "180+2"]

1. d4 d5 2. Bf4 Nc6 3. e3 Bf5 4. Bd3 Bxd3 5. Qxd3 Nf6 6. Nf3 e6 7. Nbd2 Be7
8. O-O O-O 9. c4 dxc4 10. Nxc4 Nd5 11. Bg3 Bf6 12. Nfe5 Nxe5 13. Nxe5 Bh4
14. Rac1 Bxg3 15. fxg3 Ne7 16. Qc3 Rc8 17. Rf3 Qd6 18. Rcf1 f6 19. Nd3 Nc6
20. Nc5 b6 21. Nb3 a5 22. Rc1 Na7 23. Rd1 c6 24. Qd2 a4 25. Nc1 b5 26. Ne2
Rc7 27. e4 Rfc8 28. e5 fxe5 29. dxe5 Qxe5 30. Qd8+ Rxd8 31. Rxd8# { Black
checkmated } 1-0

[Event "ICC tourney 2552 (3 2)"]
[Site "Internet Chess Club"]
[Date "2021.05.07"]
[Round "5"]
[White "EUCEDA, ANGEL:K05-30152963"]
[Black "GUDI, KEERTHANA:K05-16551243"]
[Result "0-1"]
[ICCResult "White checkmated"]
[WhiteElo "1430"]
[BlackElo "1400"]
[Opening "Mieses opening"]
[ECO "A00"]
[NIC "VO.13"]
[Time "19:47:21"]
[PlyCount "90"]
[TimeControl "180+2"]

1. d3 e5 2. e3 d5 3. d4 e4 4. f3 Nf6 5. fxe4 dxe4 6. Bb5+ Nc6 7. Bc4 Be7 8.
d5 Ne5 9. Bb5+ c6 10. dxc6 Qxd1+ 11. Kxd1 Nxc6 12. Bxc6+ bxc6 13. h3 O-O
14. Ne2 Rd8+ 15. Ke1 Ba6 16. Ng3 Rd7 17. Nc3 Bb4 18. Bd2 Rad8 19. Ngxe4
Nxe4 20. Nxe4 Bxd2+ 21. Kf2 Bb4 22. Rab1 f5 23. Ng3 Rd2+ 24. Ke1 Rxg2+ 25.
c3 Bxc3+ 26. bxc3 Rxg3 27. Rb2 Rxe3+ 28. Kf2 Rxc3 29. Rb7 Bxb7 30. Re1 Rd2+
31. Re2 Rxe2+ 32. Kxe2 Rc2+ 33. Kd3 Rxa2 34. Kc3 f4 35. Kd3 f3 36. Ke3 c5
37. Kf4 c4 38. Ke3 c3 39. Kd3 c2 40. Ke3 c1=Q+ 41. Kd3 Re2 42. Kd4 Qd1+ 43.
Kc4 Rc2+ 44. Kb4 Qb1+ 45. Ka3 Ra2# { White checkmated } 0-1

[Event "ICC tourney 2552 (3 2)"]
[Site "Internet Chess Club"]
[Date "2021.05.07"]
[Round "5"]
[White "ROEDERER, JUDSON:K05-15626320"]
[Black "ZONG, MAX:K01-17192950"]
[Result "1-0"]
[ICCResult "Black checkmated"]
[WhiteElo "1400"]
[BlackElo "1400"]
[Opening "Scotch: Schmidt variation"]
[ECO "C45"]
[NIC "SO.04"]
[Time "19:46:33"]
[PlyCount "135"]
[TimeControl "180+2"]

1. e4 e5 2. Nf3 Nc6 3. d4 exd4 4. Nxd4 Nf6 5. e5 Nxe5 6. Qe2 Bd6 7. f4 O-O
8. fxe5 Bxe5 9. Nf3 Bd6 10. Be3 Re8 11. Nc3 Bc5 12. Nd1 Ng4 13. Kd2 Bxe3+
14. Nxe3 Nxe3 15. Qxe3 Rxe3 16. Kxe3 d5 17. Rd1 Qe7+ 18. Kf2 Bg4 19. Be2
Bxf3 20. Bxf3 c5 21. Bxd5 Qf6+ 22. Kg1 Qxb2 23. Rf1 Re8 24. Bxf7+ Kf8 25.
Bxe8+ Kxe8 26. h3 Qxc2 27. Kh2 Qxa2 28. Re1+ Kf7 29. Rhf1+ Kg6 30. Re7 Qc4
31. Rxb7 Qxf1 32. Rxa7 c4 33. Ra6+ Kg5 34. Ra5+ Kf4 35. g3+ Kf3 36. Rf5+
Ke3 37. Rxf1 c3 38. g4 c2 39. Kg3 Kd2 40. Kf4 Ke2 41. Rh1 Kf2 42. h4 Kg2
43. Ra1 Kf2 44. g5 Ke2 45. h5 Kd2 46. Kf5 c1=Q 47. Rxc1 Kxc1 48. Ke6 g6 49.
hxg6 hxg6 50. Kf6 Kd2 51. Kxg6 Kd3 52. Kf5 Kd4 53. g6 Kd5 54. g7 Kc5 55.
Kf6 Kc4 56. g8=Q+ Kd4 57. Qg4+ Kd3 58. Qf4 Kc3 59. Qe4 Kb3 60. Qd4 Kc2 61.
Qe3 Kb2 62. Qd3 Ka1 63. Qb5 Ka2 64. Qb4 Ka1 65. Ke5 Ka2 66. Kd4 Ka1 67. Kc3
Ka2 68. Qb2# { Black checkmated } 1-0

[Event "ICC tourney 2552 (3 2)"]
[Site "Internet Chess Club"]
[Date "2021.05.07"]
[Round "5"]
[White "KRISHNA JAYAKRISHNAN, CHETHAN:K05-16682197"]
[Black "LAM, ETHAN:K03-30150899"]
[Result "0-1"]
[ICCResult "White resigns"]
[WhiteElo "1248"]
[BlackElo "1400"]
[Opening "Giuoco Pianissimo"]
[ECO "C50"]
[NIC "IG.02"]
[Time "19:52:06"]
[PlyCount "38"]
[TimeControl "180+2"]

1. e4 e5 2. Nf3 Nc6 3. Bc4 Bc5 4. d3 Nf6 5. Nxe5 Nxe5 6. d4 Nxc4 7. dxc5
Nxe4 8. O-O Nxc5 9. Re1+ Ne6 10. Nc3 d6 11. Ne4 Bd7 12. Qf3 Ne5 13. Qh5 O-O
14. Ng5 Nxg5 15. Bxg5 f6 16. Bh6 gxh6 17. Qxh6 Kh8 18. Re3 Ng4 19. Rg3 Nxh6
{ White resigns } 0-1

[Event "ICC tourney 2552 (3 2)"]
[Site "Internet Chess Club"]
[Date "2021.05.07"]
[Round "5"]
[White "PIEN, ALEXANDER:K03-16775438"]
[Black "HOJA, SABRINA:K05-16995856"]
[Result "1-0"]
[ICCResult "Black forfeits on time"]
[WhiteElo "1400"]
[BlackElo "1400"]
[Opening "Giuoco Piano"]
[ECO "C50"]
[NIC "IG.02"]
[Time "19:45:46"]
[PlyCount "137"]
[TimeControl "180+2"]

1. e4 e5 2. Nf3 Nc6 3. Bc4 Bc5 4. O-O Nf6 5. Nc3 d5 6. exd5 Nd4 7. Nxe5 Bd6
8. Nf3 Bg4 9. Be2 Qe7 10. Nxd4 Bxe2 11. Qxe2 Qxe2 12. Ndxe2 Ng4 13. h3 Nf6
14. d3 h6 15. Bf4 O-O-O 16. Bxd6 Rxd6 17. Rfe1 Nxd5 18. Nxd5 Rxd5 19. Nf4
Rc5 20. c3 Rb5 21. Rab1 Ra5 22. a3 Rf5 23. g3 g5 24. Ng2 Rd8 25. d4 Rfd5
26. Re7 f5 27. Rh7 R5d6 28. h4 gxh4 29. Nxh4 Rf8 30. Re1 Rd7 31. Rxd7 Kxd7
32. Ng6 Rg8 33. Nh4 f4 34. Kh2 fxg3+ 35. fxg3 Rf8 36. Kg2 Kc6 37. Re7 Rf6
38. Re2 Kb6 39. Kh3 c6 40. g4 Kb5 41. Kg3 Kc4 42. Kh3 Kd3 43. Rg2 Kc4 44.
Rd2 Re6 45. Kg3 Re3+ 46. Kf2 Rh3 47. Nf5 Rh2+ 48. Ke3 Rh3+ 49. Ke2 Rh2+ 50.
Kd1 Rh1+ 51. Kc2 Rg1 52. Nd6+ Kd5 53. Nxb7 Rxg4 54. Kb3 Rg7 55. c4+ Ke6 56.
Nc5+ Kd6 57. Re2 Rh7 58. Re5 h5 59. Nb7+ Rxb7+ 60. Kc3 Rh7 61. Ra5 h4 62.
Rf5 h3 63. Rf1 h2 64. Rh1 Ke6 65. Kd2 Kf5 66. Ke2 Kg4 67. Kf2 Kh3 68. d5
Rf7+ 69. Ke3 { Black forfeits on time } 1-0

[Event "ICC tourney 2552 (3 2)"]
[Site "Internet Chess Club"]
[Date "2021.05.07"]
[Round "5"]
[White "MADDINENI, SHISHIR:K05-17244051"]
[Black "KHISHIGSUREN, ENKHBILGUUN:K01-30069838"]
[Result "0-1"]
[ICCResult "White checkmated"]
[WhiteElo "1400"]
[BlackElo "1400"]
[Opening "Four knights: Spanish, classical defense"]
[ECO "C48"]
[NIC "KP.03"]
[Time "19:45:41"]
[PlyCount "148"]
[TimeControl "180+2"]

1. e4 e5 2. Nf3 Nc6 3. Nc3 Nf6 4. Bb5 Bc5 5. Bxc6 dxc6 6. Nxe5 Qd4 7. Nd3
Nxe4 8. Qe2 O-O 9. O-O Nxc3 10. bxc3 Qd6 11. Nxc5 Qxc5 12. Bb2 Be6 13. Qd1
Rad8 14. Qc1 Qd6 15. Ba3 c5 16. Rd1 Qc6 17. d3 Rd7 18. d4 Rfd8 19. Bxc5 b6
20. Ba3 Qxc3 21. Bb2 Qc4 22. Qe3 Qxc2 23. Qc3 Qxc3 24. Bxc3 c5 25. Bb2 cxd4
26. Rd2 Bg4 27. f3 Bf5 28. a3 f6 29. Rad1 d3 30. Kf2 Kf7 31. g4 Bg6 32. h4
h6 33. f4 Bh7 34. f5 g6 35. Ke3 gxf5 36. Rxd3 Rxd3+ 37. Rxd3 Rxd3+ 38. Kxd3
fxg4+ 39. Ke3 Kg6 40. Kf4 h5 41. Bd4 Bg8 42. a4 Bb3 43. a5 bxa5 44. Bxa7 a4
45. Bc5 Be6 46. Ke4 f5+ 47. Ke5 Kf7 48. Kd6 f4 49. Ke5 f3 50. Kf4 Kf6 51.
Kg3 Kf5 52. Kf2 Kf4 53. Be3+ Ke4 54. Bc5 Bd5 55. Kg3 Kd3 56. Kf4 Ke2 57.
Kg5 g3 58. Kxh5 g2 59. Kg5 f2 60. Bxf2 Kxf2 61. h5 g1=Q+ 62. Kf6 Qh1 63.
Kg6 Be4+ 64. Kg5 a3 65. h6 a2 66. h7 a1=Q 67. h8=Q Qhxh8 68. Kg4 Qg8+ 69.
Kf4 Qf6+ 70. Kxe4 Qe8+ 71. Kd3 Qd6+ 72. Kc4 Qc8+ 73. Kb3 Qb6+ 74. Ka3 Qa8#
{ White checkmated } 0-1